 Dungeon Sprint DCSS version 0.27-a0-773-gaaee5cf45b (webtiles) character file.

Game seed: 13800262733525677172

660 mhtbhm the Basher (level 7, -3/78 HPs)
             Began as a Troll Berserker on Mar 26, 2021.
             Was an Elder of Trog.
             Slain by an orc warrior
             ... wielding a +0 flail
              (12 damage)
             ... in the Dungeon (Sprint IX: "|||||||||||||||||||||||||||||").
             The game lasted 00:00:47 (224 turns).

mhtbhm the Basher (Troll Berserker)                  Turns: 224, Time: 00:00:47

Health: -3/78      AC:  0    Str: 31    XL:     7   Next: 30%
Magic:  6/6        EV: 13    Int:  3    God:    Trog [****..]
Gold:   0          SH:  0    Dex:  9    Spells: 6/6 levels left

rFire    . . .     SeeInvis .   a - +2 dire flail (protect)
rCold    . . .     Faith    .   (shield currently unavailable)
rNeg     . . .     Spirit   .   b - +0 animal skin
rPois    .         Reflect  .   (helmet restricted)
rElec    .         Harm     .   (no cloak)
rCorr    .         Rampage  .   (gloves unavailable)
Will     .....     NoTele   +   (boots unavailable)
Stlth    +.........             (no amulet)
HPRegen  1.23/turn              l - +3 ring of strength
MPRegen  0.10/turn              k - +2 ring of evasion

@: corroded, berserk cooldown, slowed, very slow
A: large, unfitting armour, claws 3, regeneration 1, shaggy fur 1, tough skin 1
a: Renounce Religion, Berserk, Trog's Hand, Brothers in Arms


You were in the Dungeon.
You worshipped Trog.
Trog was greatly pleased with you.
You visited 1 branch

Inventory:

Hand Weapons
 a - a +2 dire flail of protection (weapon)
Armour
 b - a +0 animal skin (worn)
Jewellery
 k - a +2 ring of evasion (left claw)
 l - a +3 ring of strength (right claw)
Wands
 j - a wand of acid (9)
Scrolls
 h - 2 scrolls of blinking
Potions
 c - 5 potions of curing
 d - a potion of heal wounds
 e - a potion of haste
 f - 4 potions of magic
 g - a potion of berserk rage
 i - a potion of invisibility


   Skills:
 + Level 7.5 Fighting
 + Level 10.0 Maces & Flails
 + Level 7.6 Dodging
 + Level 0.6 Stealth


You had 6 spell levels left.
You didn't know any spells.
Your spell library was empty.

Dungeon Overview and Level Annotations

Branches:
Dungeon (1/1)

Altars:
Cheibriados
Dithmenos
Elyvilon
Fedhas
Gozag
Hepliaklqana
Kikubaaqudgha
Makhleb
Nemelex Xobeh
Okawaru
Qazlal
Ru
Sif Muna
Trog
Uskayaw
Vehumet
Wu Jian
Xom
Yredelemnul
Zin
The Shining One
Beogh
Jiyva
Lugonu


Innate Abilities, Weirdness & Mutations

You are too large for most types of armour.
You have claws for hands.
Your natural rate of healing is unusually fast.
You are covered in fur. (AC +1)
You have tough skin. (AC +1)


Message History

You feel yourself slow down.
Your Maces & Flails skill increases to level 10!
Unknown command.
Aiming: Corrosive Bolt
Press: ? - help, Shift-Dir - straight line, f - orc warrior
Aim: an orc warrior, wielding a +0 flail and wearing a +0 plate armour (29% to evade)
The bolt of acid hits the orc warrior!
The orc warrior is splashed with acid.
The acid corrodes the orc warrior!
The orc warrior is heavily wounded.
The bolt of acid hits the yak.
The yak is splashed with acid.
The acid corrodes the yak!
The yak is moderately wounded.
The orc warrior hits you with a +0 flail!
Unknown command.
Unknown command.
You hit the orc warrior but do no damage.
The orc warrior is heavily wounded.
The orc warrior hits you with a +0 flail!!
* * * LOW HITPOINT WARNING * * *
Unknown command.
You feel much better.
The orc warrior hits you with a +0 flail!
* * * LOW HITPOINT WARNING * * *
The orc warrior hits you with a +0 flail!
* * * LOW HITPOINT WARNING * * *
Unknown command.
You feel much better. The orc warrior misses you.
Unknown command.
Okay, then.
You barely miss the orc warrior.
The orc warrior is heavily wounded.
The orc warrior hits you with a +0 flail!
* * * LOW HITPOINT WARNING * * *
Unknown command.
You completely miss the orc warrior.
The orc warrior is heavily wounded.
The orc warrior hits you with a +0 flail!
* * * LOW HITPOINT WARNING * * *
The orc warrior hits you with a +0 flail!
You die...

▓)▓
▓.▓
▓[▓
▓[▓
▓[▓
▓.▓
▓.▓
▓'▓
▓@▓
▓o▓
▓Y▓
▓.▓
▓.▓
▓.▓
▓+▓


You could see a yak (corroded) and an orc warrior (corroded).

Vanquished Creatures
  A wyvern (D)
  An acid dragon (D)
  A sky beast (D)
  An orc warrior (D)
  An ogre (D)
  A centaur (D)
  An orc priest (D)
  A shadow imp (D)
  A white imp (D)
  2 giant cockroaches (D)
  A ball python (D)
  2 kobolds (D)
14 creatures vanquished.

Notes
Turn   | Place    | Note
-------+----------+-------------------------------------------
     0 | D        | mhtbhm the Troll Berserker began the quest for the Orb.
     0 | D        | Reached XP level 1. HP: 22/22 MP: 0/0
    11 | D        | Reached ** piety under Trog
    12 | D        | Reached skill level 3 in Maces & Flails
    72 | D        | Noticed a sky beast
    72 | D        | Noticed an ogre
    72 | D        | Noticed an orc priest
    75 | D        | Reached XP level 2. HP: 31/31 MP: 1/1
    77 | D        | Reached *** piety under Trog
    81 | D        | Killed a sky beast
    82 | D        | Reached skill level 5 in Maces & Flails
    82 | D        | Reached skill level 5 in Dodging
    82 | D        | Reached XP level 3. HP: 41/41 MP: 2/2
    82 | D        | Reached XP level 4. HP: 49/49 MP: 3/3
    84 | D        | Killed an ogre
    85 | D        | Reached skill level 5 in Fighting
    85 | D        | Reached skill level 7 in Maces & Flails
    85 | D        | Reached XP level 5. HP: 44/59 MP: 4/4
   144 | D        | Found a snail-covered altar of Cheibriados.
   144 | D        | Found a shadowy altar of Dithmenos.
   144 | D        | Found a white marble altar of Elyvilon.
   144 | D        | Found a blossoming altar of Fedhas.
   144 | D        | Found an opulent altar of Gozag.
   145 | D        | Found a hazy altar of Hepliaklqana.
   146 | D        | Found a viscous altar of Jiyva.
   147 | D        | Found an ancient bone altar of Kikubaaqudgha.
   148 | D        | Found a corrupted altar of Lugonu.
   149 | D        | Found a burning altar of Makhleb.
   150 | D        | Found a sparkling altar of Nemelex Xobeh.
   151 | D        | Found an iron altar of Okawaru.
   152 | D        | Found a stormy altar of Qazlal.
   153 | D        | Found a sacrificial altar of Ru.
   154 | D        | Found a shimmering blue altar of Sif Muna.
   155 | D        | Found a bloodstained altar of Trog.
   156 | D        | Found a hide-covered altar of Uskayaw.
   157 | D        | Found a radiant altar of Vehumet.
   158 | D        | Found an ornate altar of the Wu Jian Council.
   159 | D        | Found a shimmering altar of Xom.
   160 | D        | Found a basalt altar of Yredelemnul.
   161 | D        | Found a glowing silver altar of Zin.
   162 | D        | Found a glowing golden altar of the Shining One.
   193 | D        | Noticed a centaur
   193 | D        | Noticed a wyvern
   193 | D        | Noticed an orc warrior
   193 | D        | Noticed an acid dragon
   193 | D        | Noticed an orc warrior
   193 | D        | Noticed a yak
   198 | D        | Killed a centaur
   198 | D        | Reached **** piety under Trog
   199 | D        | Reached skill level 8 in Maces & Flails
   199 | D        | Reached XP level 6. HP: 67/67 MP: 5/5
   208 | D        | Killed a wyvern
   209 | D        | Reached skill level 9 in Maces & Flails
   212 | D        | Killed an orc warrior
   213 | D        | Reached XP level 7. HP: 78/78 MP: 6/6
   219 | D        | Reached skill level 10 in Maces & Flails
   224 | D        | Slain by an orc warrior

Illustrated notes

Levels and vault maps discovered:
D:        linesprint [early_d, line_temple, items_1, d_10, items_2, lair_1,
          lair_end, items_3, orc_1, orc_end, items_4, d_15, swamp_1, shoals_1,
          snake_1, spider_1, d_20, vaults_1, items_5, swamp_end, shoals_end,
          snake_end, spider_end, vaults_end, d_27, items_6, zot_1, zot_end,
          crypt_end, forest_end, elf_end, slime_end, tomb_end, abyss_end,
          pan_hell_end]

Skill      XL: |  1  2  3  4  5  6  7 |
---------------+----------------------+-----
Maces & Flails | 3 5 7 8 9 10 | 10.0
Fighting       | 3 4 5 6 7 |  7.5
Dodging        | 3 5 6 7 |  7.6
Stealth        | |  0.6

Action                   |  1- 3 |  4- 6 |  7- 9 || total
-------------------------+-------+-------+-------++-------
Melee: Mace              |    23 |     6 |       ||    29
       Dire flail        |       |    17 |     8 ||    25
Invok: Berserk           |     2 |     1 |       ||     3
Evoke: Wand              |       |       |     1 ||     1
  Use: Potion            |       |       |     2 ||     2
Armor: Animal skin       |     8 |     3 |       ||    11
Dodge: Dodged            |     6 |    13 |     3 ||    22

Table legend: (Time is in decaauts)
 A = Elapsed time spent in this place.
 B = Non-inter-level travel time spent in this place.
 C = Inter-level travel time spent in this place.
 D = Time resting spent in this place.
 E = Time spent auto-exploring this place.
 F = Levels seen in this place.
 G = Mean time per level.
                   A        B        C        D        E       F      G
               +--------+--------+--------+--------+--------+-----+--------+
         Total |    239 |    239 |      0 |    119 |      0 |   1 |  239.0 |
       Dungeon |    239 |    239 |      0 |    119 |      0 |   1 |  239.0 |
               +--------+--------+--------+--------+--------+-----+--------+

Top non-repeatable levels by time:
       D: 239 daAuts
